 Dungeon Crawl Stone Soup version 0.17-b1-36-g7b1967c (webtiles) character file.

196 tp1 the Magician (level 5, -10/28 HPs)
             Began as a Deep Elf Wizard on Nov 6, 2015.
             Killed by nerve-wracking pain
             ... invoked by Grinder
              (14 damage)
             ... on level 3 of the Dungeon.
             The game lasted 00:16:24 (2448 turns).

tp1 the Magician (Deep Elf Wizard)                  Turns: 2448, Time: 00:16:24

Health: -10/28     AC:  7    Str:  4    XL:     5   Next: 46%
Magic:  7/16       EV: 11    Int: 24    God:
Gold:   82         SH:  0    Dex: 13    Spells: 5 memorised, 7 levels left

rFire  . . .     SeeInvis .     x - +4 hand axe
rCold  . . .     Clarity  .     q - +0 leather armour
rNeg   . . .     SustAt   .     (no shield)
rPois  .         Gourm    .     b - +0 hat
rElec  .         Spirit   .     i - +0 cloak
rCorr  .         Warding  .     p - +0 pair of gloves
rMut   .         Stasis   .     (no boots)
MR     .....                    (no amulet)
Stlth  ++........               (no ring)
                                k - +2 ring of protection

@: not resistant to hostile enchantments, unstealthy
A: no striking features
a: no special abilities


You were on level 3 of the Dungeon.
You were hungry.

You visited 1 branch of the dungeon, and saw 3 of its levels.

You collected 82 gold pieces.

Inventory:

Hand Weapons
 f - a +0 short sword
 x - a +4 hand axe (weapon)
Missiles
 s - 3 javelins (quivered)
Armour
 a - a +0 robe
 b - a +0 hat (worn)
 i - a +0 cloak (worn)
 p - a +0 pair of gloves (worn)
 q - a +0 leather armour (worn)
Jewellery
 k - a +2 ring of protection (left hand)
Wands
 y - a wand of heal wounds (5)
 A - a wand of disintegration (11)
Scrolls
 h - 3 scrolls of remove curse
 j - 2 scrolls of enchant weapon
 l - a scroll of noise {unknown}
 m - a scroll of teleportation
 n - a scroll of immolation {unknown}
 r - 2 scrolls of magic mapping {unknown}
 t - a scroll of random uselessness {unknown}
Potions
 e - a potion of lignification {unknown}
 u - a potion of curing {unknown}
 z - a potion of ambrosia
Books
 c - a book of Minor Magic

   Spells                             Type                      Level
   a - Magic Dart                     Conjuration                  1
   b - Blink                          Translocation                2
   c - Call Imp                       Summoning                    2
   d - Repel Missiles                 Charms/Air                   2
   e - Slow                           Hexes                        2
   f - Conjure Flame                  Conjuration/Fire             3
   g - Mephitic Cloud                 Conjuration/Poison/Air       3
Comestibles
 d - 4 bread rations
 v - a meat ration


   Skills:
 - Level 2.4 Dodging
 - Level 2.4 Stealth
 - Level 7.1 Spellcasting
 + Level 3.8 Conjurations
   Level 1.1 Summonings
 - Level 1.1 Translocations


You had 7 spell levels left.
You knew the following spells:

 Your Spells              Type           Power        Failure   Level  Hunger
a - Magic Dart            Conj           ####         2%          1    None
b - Conjure Flame         Conj/Fire      ###.....     21%         3    None
c - Mephitic Cloud        Conj/Pois/Air  ##......     24%         3    None
d - Blink                 Tloc           N/A          14%         2    None
e - Repel Missiles        Chrm/Air       #.....       21%         2    None


Dungeon Overview and Level Annotations

Branches:
Dungeon (3/15)

Altars:
Nemelex Xobeh
Okawaru

Annotations:
D:3 Grinder


Message History

Casting: Magic Dart
Confirm with . or Enter, or press ? or * to list all spells.
Aiming: Magic Dart
Press: ? - help, Shift-Dir - straight line, f/p - Grinder
Aim: Grinder (severely wounded)
The magic dart hits Grinder.
Grinder is severely wounded.
Grinder hits you.
You writhe in agony.
* * * LOW HITPOINT WARNING * * *
Casting: Magic Dart
Confirm with . or Enter, or press ? or * to list all spells.
Aiming: Magic Dart
Press: ? - help, Shift-Dir - straight line, f/p - Grinder
Aim: Grinder (severely wounded)
The magic dart hits Grinder.
Grinder is severely wounded.
Grinder gestures at you. Pain shoots through your body!
Ouch! That really hurt!
You die...

#.#### ##..........# #.#
##..<.#.#..# #.#
##+#.._...# #.#
###...#.#.... #.#
#.........##. ##.#######
#.#.####.## .........#
#....## #
##.##....####...5.# #
#.#............@.##.####
#.........##.#.#........
###.......##........####
##....#############
#####....# ......####
#######


You could see Grinder.

Vanquished Creatures
  An orc wizard (D:3)
  Natasha (thrice) (D:2)
  5 adders (D:2)
  2 oozes (D:1)
  3 worms (D:2)
  4 orcs (D:3)
  5 giant cockroaches
  10 goblins
  3 hobgoblins (D:2)
  6 jackals
  2 quokkas
  10 bats
  4 giant newts
  6 kobolds
  10 rats
74 creatures vanquished.

Notes
Turn   | Place    | Note
--------------------------------------------------------------
     0 | D:1      | tp1 the Deep Elf Wizard began the quest for the Orb.
     0 | D:1      | Reached XP level 1. HP: 10/10 MP: 7/7
   233 | D:1      | Reached XP level 2. HP: 15/15 MP: 7/9
   642 | D:1      | Reached XP level 3. HP: 16/19 MP: 1/11
   864 | D:2      | Noticed Natasha
   872 | D:2      | Killed Natasha
   872 | D:2      | Reached skill level 5 in Spellcasting
  1038 | D:2      | Reached XP level 4. HP: 24/24 MP: 0/13
  1251 | D:2      | Found a sparkling altar of Nemelex Xobeh.
  1274 | D:2      | Reached skill level 6 in Spellcasting
  1575 | D:2      | Noticed Natasha
  1586 | D:2      | Killed Natasha
  1701 | D:2      | Reached XP level 5. HP: 23/28 MP: 2/16
  1801 | D:2      | Reached skill level 7 in Spellcasting
  1884 | D:2      | Noticed Natasha
  1885 | D:2      | Killed Natasha
  1890 | D:2      | Learned a level 3 spell: Conjure Flame
  1894 | D:2      | Learned a level 3 spell: Mephitic Cloud
  1897 | D:2      | Learned a level 2 spell: Blink
  1900 | D:2      | Learned a level 2 spell: Repel Missiles
  2218 | D:3      | Found an iron altar of Okawaru.
  2253 | D:3      | Noticed Grinder
  2448 | D:3      | Killed from afar by Grinder

Action                   |  1- 3 |  4- 6 || total
-------------------------+-------+-------++-------
Melee: Short sword       |    16 |     1 ||    17
       Hand axe          |       |    13 ||    13
 Cast: Magic Dart        |    80 |   118 ||   198
       Conjure Flame     |       |     1 ||     1
       Mephitic Cloud    |       |     1 ||     1
  Use: Scroll            |       |     7 ||     7
  Eat: Chunk             |       |     4 ||     4
